[Event "Titled Tuesday Blitz November 14 Late 2023"]
[White "Chabris, Christopher"]
[Black "Vlassov, Nikolai"]
[WhiteFideId "2005263"]
[BlackFideId "4103360"]
[WhiteElo "2341"]
[BlackElo "2614"]
[Result "0-1"]
[Round "1"]
[TimeControl "180+1"]
[Date "2023.11.14"]
[WhiteClock "0:00:00"]
[BlackClock "0:00:20"]
[Board "113"]

1. e4 Nc6 2. Nf3 d5 3. exd5 Qxd5 4. Nc3 Qa5 5. Bb5 Bd7 6. O-O a6 7. Bc4 Nf6 8. d4 Bg4 9. h3 Bxf3 10. Qxf3 O-O-O 11. d5 Nd4 12. Qf4 Nb5 13. Bxb5 axb5 14. b4 Qa6 15. Rd1 e6 16. Be3 Nxd5 17. Nxd5 Rxd5 18. Qxf7 Bxb4 19. Qxg7 Rhd8 20. Rxd5 exd5 21. Qg4+ Kb8 22. Qxb4 b6 23. Bf4 Kb7 24. Qe7 Rc8 25. Qxh7 Qa4 26. Bg3 Qc4 27. Qd3 Qc5 28. a4 Rg8 29. Kh2 b4 30. a5 bxa5 31. f3 Kb6 32. Be5 Qc4 33. Bd4+ c5 34. Bg1 Qxd3 35. cxd3 Kb5 36. h4 a4 37. h5 a3 38. h6 c4 39. Be3 b3 40. dxc4+ dxc4 41. Rxa3 b2 0-1


[Site "https://www.chess.com"]

[Event "Titled Tuesday Blitz November 14 Late 2023"]
[White "Leiva, Gianmarco"]
[Black "chessjazda"]
[WhiteFideId "3804399"]
[WhiteElo "2613"]
[BlackElo "2336"]
[Result "1/2-1/2"]
[Round "1"]
[TimeControl "180+1"]
[Date "2023.11.14"]
[WhiteClock "0:00:13"]
[BlackClock "0:00:31"]
[Board "114"]

1. e4 e5 2. Nf3 Nc6 3. Bc4 Bc5 4. d3 d6 5. O-O Bg4 6. c3 Nf6 7. h3 Be6 8. Bxe6 fxe6 9. d4 exd4 10. cxd4 Bb6 11. Nc3 O-O 12. Be3 e5 13. dxe5 Nxe5 14. Bxb6 axb6 15. Nd4 Qd7 16. f4 Nc6 17. Qb3+ Kh8 18. Ne6 Rfe8 19. Ng5 Rf8 20. Rae1 Rae8 21. Qd1 h6 22. Nf3 Qf7 23. a3 Nh5 24. h4 Nxf4 25. Nd5 Qg6 26. Qd2 Qg3 27. Nxc7 Ne5 28. Nxe8 Rxe8 29. Nxe5 dxe5 30. Re3 Qxh4 31. Qe1 Qh5 32. Rff3 Rd8 33. g3 Nh3+ 34. Kg2 Ng5 35. g4 Nxf3 36. gxh5 Nxe1+ 37. Rxe1 Rd2+ 38. Kg3 Rxb2 39. Kg4 Rf2 40. Rb1 Rf4+ 41. Kg3 Rxe4 42. Rxb6 Ra4 43. Rxb7 Rxa3+ 44. Kg4 Ra4+ 45. Kf5 Rf4+ 46. Kxe5 Rh4 47. Kf5 Rxh5+ 48. Kg4 Rg5+ 49. Kh4 Kh7 50. Rb6 Ra5 51. Rc6 Rb5 52. Rd6 Kg8 53. Rc6 Kh7 54. Ra6 Rd5 55. Re6 h5 56. Ra6 g5+ 57. Kxh5 Rf5 58. Ra7+ Kg8 59. Kg6 Rf8 60. Kxg5 Re8 61. Kf6 Rf8+ 62. Kg5 Re8 63. Kf5 Rd8 64. Ke6 Re8+ 65. Kf6 Rf8+ 66. Kg6 Re8 67. Rg7+ Kh8 68. Rd7 Kg8 69. Rd6 Ra8 70. Kh6 Re8 71. Rf6 Ra8 72. Rg6+ Kh8 73. Kh5 Ra5+ 74. Kh6 Ra8 75. Rf6 Kg8 76. Re6 Rf8 77. Re7 Rf7 78. Re6 Rf8 79. Kg6 Ra8 80. Rd6 Rb8 81. Rc6 Ra8 82. Rb6 Rc8 83. Ra6 Rd8 84. Kf6 Rf8+ 85. Ke6 Re8+ 86. Kf5 Rf8+ 87. Kg5 Re8 88. Rc6 Rd8 89. Kf6 Rf8+ 90. Kg6 Re8 91. Rc7 Rd8 92. Rg7+ Kf8 93. Rh7 Kg8 94. Re7 Rd6+ 95. Kg5 Ra6 96. Rd7 Rb6 97. Kf5 Ra6 98. Rd8+ Kf7 99. Rd7+ Kg8 100. Re7 Kf8 101. Re6 Ra5+ 102. Kf6 Ra8 103. Rd6 Re8 104. Rd7 Ra8 105. Rb7 Ra6+ 106. Kf5 Ke8 107. Ke5 Kd8 108. Kd5 Kc8 109. Rh7 Kd8 110. Kc5 1/2-1/2


[Site "https://www.chess.com"]

[Event "Titled Tuesday Blitz November 14 Late 2023"]
[White "AndresDelgado77"]
[Black "Fiorito, Francisco"]
[BlackFideId "180165"]
[WhiteElo "2335"]
[BlackElo "2604"]
[Result "0-1"]
[Round "1"]
[TimeControl "180+1"]
[Date "2023.11.14"]
[WhiteClock "0:00:00"]
[BlackClock "0:01:15"]
[Board "115"]

1. e4 c5 2. Nf3 Nc6 3. b4 cxb4 4. d4 d5 5. exd5 Qxd5 6. c4 bxc3 7. Nxc3 Qa5 8. Bd2 Bg4 9. d5 Nb8 10. Nb5 Qd8 11. Qa4 Bd7 12. Rc1 Na6 13. Ne5 Nf6 14. Bg5 h6 15. Bxf6 exf6 16. Nxd7 Qxd7 17. Nd6+ Kd8 18. Qa5+ b6 19. Nxf7+ Qxf7 20. Qxa6 Bb4+ 21. Kd1 Qh5+ 0-1


[Site "https://www.chess.com"]

[Event "Titled Tuesday Blitz November 14 Late 2023"]
[White "Yelisieiev, Yevhenii"]
[Black "Doluhanova, Evgeniya"]
[WhiteFideId "14139642"]
[BlackFideId "14112035"]
[WhiteElo "2604"]
[BlackElo "2335"]
[Result "0-1"]
[Round "1"]
[TimeControl "180+1"]
[Date "2023.11.14"]
[WhiteClock "0:00:02"]
[BlackClock "0:00:06"]
[Board "116"]

1. d4 Nf6 2. Nf3 e6 3. c4 d5 4. Nc3 dxc4 5. e4 c5 6. d5 exd5 7. exd5 Bg4 8. Bxc4 Bd6 9. h3 Bxf3 10. Qxf3 Nbd7 11. O-O O-O 12. Ne4 Nxe4 13. Qxe4 Re8 14. Qf5 a6 15. a4 Ne5 16. Ba2 b5 17. Bf4 g6 18. Qg5 Qxg5 19. Bxg5 Nd3 20. b3 Kg7 21. Rad1 Nb4 22. Bb1 h6 23. Be3 Rad8 24. Rfe1 f5 25. g3 Re7 26. Bc1 Rxe1+ 27. Rxe1 Nxd5 28. Bb2+ Kf7 29. axb5 axb5 30. Bd3 Nc7 31. Ra1 Bxg3 32. fxg3 Rxd3 33. Ra7 Rd7 34. Be5 Ke6 35. Bxc7 Kd5 36. Kf2 c4 37. bxc4+ Kxc4 38. Bb6 Rd2+ 39. Kf3 Rd3+ 40. Be3 g5 41. Rc7+ Kb3 42. Ke2 Rd6 43. Rb7 b4 44. Bc5 Re6+ 45. Kf3 Re4 46. Bf8 h5 47. Rb5 g4+ 48. hxg4 hxg4+ 49. Kf2 f4 50. gxf4 Rxf4+ 51. Kg3 Rxf8 52. Kxg4 Kc3 53. Rb7 b3 54. Rc7+ Kb2 55. Kg3 Kb1 56. Rb7 b2 57. Kg2 Rc8 58. Rf7 Kc1 59. Rf1+ Kc2 60. Rf2+ Kb3 61. Rf3+ Rc3 62. Rf1 Ka2 63. Rf8 b1=Q 64. Ra8+ Ra3 65. Rb8 Qxb8 0-1


[Site "https://www.chess.com"]

[Event "Titled Tuesday Blitz November 14 Late 2023"]
[White "Lopez Del Alamo, Antonio"]
[Black "Roberson, Peter T"]
[WhiteFideId "2227339"]
[BlackFideId "412384"]
[WhiteElo "2335"]
[BlackElo "2604"]
[Result "0-1"]
[Round "1"]
[TimeControl "180+1"]
[Date "2023.11.14"]
[WhiteClock "0:00:00"]
[BlackClock "0:01:24"]
[Board "117"]

1. e4 d6 2. d4 Nf6 3. Nc3 c6 4. Nf3 Bg4 5. Be2 e6 6. Be3 Be7 7. Qd2 O-O 8. O-O-O d5 9. e5 Nfd7 10. h3 Bxf3 11. gxf3 b5 12. f4 Nb6 13. Rdg1 Re8 14. h4 b4 15. Nd1 Nc4 16. Qe1 Qa5 17. Bxc4 dxc4 18. Kb1 Nd7 19. h5 c3 20. b3 Qd5 21. f3 a5 22. Qg3 Bf8 23. f5 exf5 24. Bh6 g6 25. hxg6 fxg6 26. Bf4 Qf7 27. Ne3 Bg7 28. Bh6 Nf8 29. Bxg7 Kxg7 30. Qg5 Kh8 31. Rh6 a4 32. Rgh1 axb3 33. cxb3 Ra7 34. Ng4 fxg4 0-1


[Site "https://www.chess.com"]

[Event "Titled Tuesday Blitz November 14 Late 2023"]
[White "Bujisho, Benjamin"]
[Black "Biernacki, Mark"]
[WhiteFideId "608610"]
[BlackFideId "2082322"]
[WhiteElo "2603"]
[BlackElo "2329"]
[Result "1/2-1/2"]
[Round "1"]
[TimeControl "180+1"]
[Date "2023.11.14"]
[WhiteClock "0:00:14"]
[BlackClock "0:00:08"]
[Board "118"]

1. d4 d5 2. c4 dxc4 3. e3 e5 4. Bxc4 exd4 5. Nf3 Bb4+ 6. Bd2 Qe7 7. O-O Bxd2 8. Nbxd2 d3 9. Bxd3 Nf6 10. Rc1 O-O 11. h3 c6 12. a3 Nbd7 13. Qc2 Nb6 14. Rfd1 Be6 15. Ne4 Nxe4 16. Bxe4 h6 17. Nd4 Rfd8 18. b4 Bd5 19. Bh7+ Kh8 20. Bd3 Re8 21. Ne2 Be4 22. Nf4 Bxd3 23. Rxd3 Rad8 24. Rcd1 Rxd3 25. Qxd3 g6 26. g3 Kg7 27. h4 h5 28. Qb3 Rd8 29. Rxd8 Qxd8 30. a4 Qd6 31. a5 Nd7 32. b5 cxb5 33. Qxb5 b6 34. a6 Nc5 35. Qb2+ Qf6 36. Qd2 Qa1+ 37. Kg2 Nxa6 38. Qd7 Nc5 39. Qe7 a5 40. e4 Qb2 41. e5 Qc2 42. Qf6+ Kg8 43. Qxb6 Qe4+ 44. Kg1 Qe1+ 45. Kg2 Qe4+ 46. Kh2 Nd3 47. Nxd3 Qxd3 48. Qxa5 Qe2 49. Qc5 Kg7 50. Qd4 Kh7 51. Qf4 Kg7 52. Kg2 Kg8 53. Qf6 Qe4+ 54. Kh2 Qe1 55. Qf3 Qxe5 56. Kg2 Kg7 57. Qd3 Qf6 58. f3 Qe6 59. Qd2 Qf6 60. Qf2 Qe5 61. Qd2 Qf6 62. Qe3 Qb2+ 63. Kh3 Qf6 64. g4 hxg4+ 65. fxg4 Qd6 66. h5 gxh5 67. gxh5 Qe6+ 68. Qxe6 fxe6 69. Kg4 Kh6 70. Kf4 Kxh5 71. Ke5 Kg6 72. Kxe6 1/2-1/2


[Site "https://www.chess.com"]

[Event "Titled Tuesday Blitz November 14 Late 2023"]
[White "Li, Hui"]
[Black "aghasiyevkamal"]
[WhiteFideId "15400310"]
[WhiteElo "2328"]
[BlackElo "2598"]
[Result "1/2-1/2"]
[Round "1"]
[TimeControl "180+1"]
[Date "2023.11.14"]
[WhiteClock "0:02:20"]
[BlackClock "0:01:50"]
[Board "119"]

1. e4 e6 2. d4 d5 3. Nd2 Nf6 4. e5 Nfd7 5. Bd3 c5 6. c3 Nc6 7. Ne2 cxd4 8. cxd4 f6 9. exf6 Qxf6 10. Nf3 Bd6 11. O-O O-O 12. Bg5 Qf7 13. Bh4 Qh5 14. Bg3 e5 15. dxe5 Ndxe5 16. Nxe5 Bxe5 17. Nc3 Qh6 18. Nxd5 Bxg3 1/2-1/2


[Site "https://www.chess.com"]

[Event "Titled Tuesday Blitz November 14 Late 2023"]
[White "Janaszak, Dawid"]
[Black "Mazzilli, Piero"]
[WhiteFideId "1119206"]
[BlackFideId "807087"]
[WhiteElo "2593"]
[BlackElo "2321"]
[Result "0-1"]
[Round "1"]
[TimeControl "180+1"]
[Date "2023.11.14"]
[WhiteClock "0:00:26"]
[BlackClock "0:00:07"]
[Board "120"]

1. e4 c5 2. Nc3 a6 3. g3 b5 4. Bg2 Bb7 5. d3 Nf6 6. Nh3 b4 7. Na4 e6 8. O-O Be7 9. f4 Nc6 10. f5 O-O 11. b3 d5 12. Qe1 dxe4 13. dxe4 exf5 14. exf5 Re8 15. Kh1 Bd6 16. Qd1 Be5 17. Bb2 Bxb2 18. Nxb2 Qc7 19. Nc4 Rad8 20. Qf3 Na5 21. Qf4 Bxg2+ 22. Kxg2 Qxf4 23. Rxf4 Nxc4 24. Rxc4 Re2+ 25. Kg1 Rdd2 26. Nf4 Rxh2 27. Rxc5 g5 28. Nd5 Ne4 29. Rc8+ Kg7 30. Ne3 Rhe2 31. f6+ Kh6 32. Nf5+ Kg6 33. Ne7+ Kxf6 34. Rf1+ Kxe7 35. Rc7+ Kd6 36. Rfxf7 Rg2+ 37. Kf1 Nxg3+ 38. Ke1 Rge2# 0-1


[Site "https://www.chess.com"]

[Event "Titled Tuesday Blitz November 14 Late 2023"]
[White "Bazzano, Sebastian"]
[Black "Martinez Reyes, Pedro Ramon"]
[WhiteFideId "104566"]
[BlackFideId "3901807"]
[WhiteElo "2321"]
[BlackElo "2591"]
[Result "0-1"]
[Round "1"]
[TimeControl "180+1"]
[Date "2023.11.14"]
[WhiteClock "0:00:00"]
[BlackClock "0:01:05"]
[Board "121"]

1. d4 Nf6 2. Bf4 c6 3. c3 Qb6 4. Qb3 d6 5. Nd2 Be6 6. Qc2 g6 7. e4 Bg7 8. Ngf3 O-O 9. Bd3 Bg4 10. h3 Bxf3 11. Nxf3 Nbd7 12. O-O Rfe8 13. Be3 Qc7 14. Rad1 Nh5 15. Rfe1 a5 16. Qd2 e5 17. Bh6 Bxh6 18. Qxh6 f6 19. Bc4+ Kh8 20. dxe5 Nxe5 21. Nxe5 dxe5 22. Rd2 Red8 23. Red1 b5 24. Rxd8+ Rxd8 25. Rxd8+ Qxd8 26. Bf7 Nf4 27. g3 Qe7 28. gxf4 Qxf7 29. fxe5 fxe5 30. Qg5 Qe6 31. Kg2 Kg7 32. a3 a4 33. Qd8 Qf6 34. Qxf6+ Kxf6 35. Kg3 g5 36. f3 h5 37. h4 Kg6 38. Kh3 gxh4 39. Kxh4 Kh6 40. Kg3 Kg5 41. Kh3 Kf4 42. Kg2 h4 0-1


[Site "https://www.chess.com"]

[Event "Titled Tuesday Blitz November 14 Late 2023"]
[White "Atanasov, Anthony"]
[Black "rikchessmx"]
[WhiteFideId "2623897"]
[WhiteElo "2590"]
[BlackElo "2320"]
[Result "1-0"]
[Round "1"]
[TimeControl "180+1"]
[Date "2023.11.14"]
[WhiteClock "0:01:27"]
[BlackClock "0:00:08"]
[Board "122"]

1. d4 Nf6 2. Nf3 e6 3. Bf4 Bd6 4. e3 Bxf4 5. exf4 Qe7 6. c3 b6 7. Nbd2 Bb7 8. Bd3 d6 9. Qe2 Nbd7 10. a4 a5 11. O-O O-O 12. Rfe1 Rfe8 13. Rad1 Nd5 14. g3 Qf8 15. Ne4 N7f6 16. Nxf6+ Nxf6 17. Ng5 h6 18. Ne4 Nd5 19. Qh5 Rad8 20. Rd2 g6 21. Qg4 Qg7 22. c4 f5 23. Qf3 fxe4 24. Bxe4 c6 25. h4 Nb4 26. Rde2 d5 27. Bb1 Qf6 28. Re5 Ba6 29. cxd5 cxd5 30. Qg4 Kg7 31. Rxe6 Rxe6 32. Rxe6 h5 33. Rxf6 hxg4 34. Rxg6+ Kf7 35. Rxb6 Be2 36. h5 Bf3 37. h6 Re8 38. Bg6+ Kf8 39. Bxe8 Kxe8 40. h7 1-0


[Site "https://www.chess.com"]

[Event "Titled Tuesday Blitz November 14 Late 2023"]
[White "Szente Varga, Fruzsina"]
[Black "Tikhonov, Viacheslav"]
[WhiteFideId "712264"]
[BlackFideId "44196407"]
[WhiteElo "2320"]
[BlackElo "2590"]
[Result "1-0"]
[Round "1"]
[TimeControl "180+1"]
[Date "2023.11.14"]
[WhiteClock "0:00:25"]
[BlackClock "0:00:00"]
[Board "123"]

1. e4 c5 2. Nf3 g6 3. Nc3 Bg7 4. Bc4 Nc6 5. O-O e5 6. d3 h6 7. Be3 d6 8. Qd2 Nge7 9. a3 Nd4 10. Ne1 g5 11. Ne2 O-O 12. c3 Ndc6 13. h4 gxh4 14. Bxh6 Ng6 15. Bg5 Qe8 16. Nf3 h3 17. Bh6 Be6 18. Bxg7 Kxg7 19. Bxe6 Qxe6 20. Ng5 Qg4 21. Nxh3 f6 22. Ng3 Nce7 23. Qe2 Qe6 24. f4 exf4 25. Nxf4 Nxf4 26. Rxf4 Kf7 27. Qh5+ Ng6 28. Qh7+ Ke8 29. Qxg6+ Kd7 30. Raf1 Rg8 31. Qh7+ Kc6 32. Nf5 Rg5 33. d4 cxd4 34. Nxd4+ 1-0


[Site "https://www.chess.com"]

[Event "Titled Tuesday Blitz November 14 Late 2023"]
[White "Toncheva, Nadya"]
[Black "Spichkin, Alexander"]
[WhiteFideId "2924056"]
[BlackFideId "4144074"]
[WhiteElo "2587"]
[BlackElo "2318"]
[Result "0-1"]
[Round "1"]
[TimeControl "180+1"]
[Date "2023.11.14"]
[WhiteClock "0:00:13"]
[BlackClock "0:01:32"]
[Board "124"]

1. Nf3 e6 2. e3 f5 3. d4 Nf6 4. Bd3 b6 5. O-O Bb7 6. c4 Bd6 7. Nc3 O-O 8. Qc2 Bb4 9. d5 Qe8 10. Nb5 Na6 11. a3 Be7 12. dxe6 dxe6 13. b4 Qg6 14. Be2 Be4 15. Qb3 Kh8 16. Bb2 f4 17. exf4 Nh5 18. Be5 Rxf4 19. Qe3 Raf8 20. Bxf4 Nxf4 21. Ne1 Bxg2 22. Bh5 Qg5 23. Qg3 Qxh5 24. Ra2 Bb7 25. f3 Bh4 26. Qg4 Qxg4+ 27. fxg4 Nh3# 0-1


[Site "https://www.chess.com"]

[Event "Titled Tuesday Blitz November 14 Late 2023"]
[White "patzersame"]
[Black "Manukyan, Sargis A."]
[BlackFideId "13303970"]
[WhiteElo "2317"]
[BlackElo "2586"]
[Result "1-0"]
[Round "1"]
[TimeControl "180+1"]
[Date "2023.11.14"]
[WhiteClock "0:00:53"]
[BlackClock "0:00:00"]
[Board "125"]

1. e4 c5 2. b4 cxb4 3. a3 d5 4. exd5 Nf6 5. axb4 Nxd5 6. c3 g6 7. d4 Bg7 8. Nf3 O-O 9. Bc4 e6 10. O-O b6 11. Re1 Bb7 12. Qb3 Nd7 13. Bg5 Qc7 14. Bh4 Rfc8 15. Nbd2 Nxc3 16. Bg3 Qc6 17. b5 Qxc4 18. Nxc4 Ne4 19. Nd6 Bd5 20. Qe3 Nxd6 21. Bxd6 Nf6 22. Rac1 Bc4 23. Ne5 Nd5 24. Qf3 Bxb5 25. Qxf7+ Kh8 26. h4 Rd8 27. Qxe6 Nf4 28. Nf7+ Kg8 29. Nh6+ Kh8 30. Qg8+ 1-0


[Site "https://www.chess.com"]

[Event "Titled Tuesday Blitz November 14 Late 2023"]
[White "Guerra Tulcan, Lenin"]
[Black "Romero Ruscalleda, Josep"]
[WhiteFideId "3601382"]
[BlackFideId "2231859"]
[WhiteElo "2583"]
[BlackElo "2316"]
[Result "1-0"]
[Round "1"]
[TimeControl "180+1"]
[Date "2023.11.14"]
[WhiteClock "0:00:51"]
[BlackClock "0:01:11"]
[Board "126"]

1. e4 g6 2. d4 Bg7 3. Nf3 d6 4. Bd3 a6 5. c3 Nd7 6. a4 c5 7. O-O cxd4 8. cxd4 Ngf6 9. Nc3 O-O 10. e5 Ne8 11. e6 fxe6 12. Ng5 Ndf6 13. Re1 Nc7 14. Bc4 Nfd5 15. Qb3 Nxc3 16. bxc3 d5 17. Bd3 Qd6 18. Ba3 Qf4 19. Nh3 Qf7 20. Qb6 Ne8 21. Re3 e5 22. dxe5 Bxh3 23. Rxh3 Bxe5 24. Re1 Bc7 25. Qe3 Nd6 26. Rf3 Nf5 27. Bxf5 gxf5 28. Qg5+ Qg6 29. Qxg6+ hxg6 30. Rxe7 Rf7 31. Rfe3 Rd8 32. Rxf7 Kxf7 33. Re7+ Kf6 34. Rxc7 d4 35. Be7+ Ke6 36. Bxd8 d3 37. Kf1 Kd6 38. Ke1 1-0


[Site "https://www.chess.com"]

[Event "Titled Tuesday Blitz November 14 Late 2023"]
[White "Avalos Parra, Joao"]
[Black "Potapova, Margarita"]
[WhiteFideId "3402541"]
[BlackFideId "14126869"]
[WhiteElo "2316"]
[BlackElo "2583"]
[Result "1-0"]
[Round "1"]
[TimeControl "180+1"]
[Date "2023.11.14"]
[WhiteClock "0:00:09"]
[BlackClock "0:00:00"]
[Board "127"]

1. d4 Nf6 2. c4 e6 3. Nf3 d5 4. Nc3 dxc4 5. a4 c5 6. e3 cxd4 7. exd4 Nc6 8. Bxc4 Be7 9. O-O O-O 10. Re1 b6 11. d5 exd5 12. Nxd5 Nxd5 13. Bxd5 Bb7 14. Bf4 Bf6 15. Rc1 Na5 16. Bxb7 Nxb7 17. Qc2 Qd5 18. Rcd1 Qa5 19. Bd2 Qc5 20. Qb1 Qc6 21. b3 Rfd8 22. Be3 Nd6 23. h3 Ne4 24. Rc1 Nc3 25. Qf5 Rd5 26. Qg4 Rad8 27. Bg5 Bxg5 28. Nxg5 h6 29. Ne4 Rd2 30. Rxc3 Qb7 31. Rce3 R2d4 32. Qe2 Qd7 33. Ng3 Rd2 34. Re8+ Kh7 35. Qe4+ g6 36. Rxd8 Qxd8 37. Qe7 Qd5 38. Ne4 Kg7 39. Qf6+ Kh7 40. h4 Rd4 41. Ng3 h5 42. Re7 Rd1+ 43. Kh2 Kh6 44. Rxf7 1-0


[Site "https://www.chess.com"]

[Event "Titled Tuesday Blitz November 14 Late 2023"]
[White "Gimenez Aguirre, Alejo Ismael"]
[Black "Ardila, Oscar Humberto"]
[WhiteFideId "32041667"]
[BlackFideId "4404742"]
[WhiteElo "2582"]
[BlackElo "2311"]
[Result "1-0"]
[Round "1"]
[TimeControl "180+1"]
[Date "2023.11.14"]
[WhiteClock "0:00:52"]
[BlackClock "0:00:40"]
[Board "128"]

1. e4 e5 2. Nf3 Nf6 3. Nxe5 d6 4. Nf3 Nxe4 5. Nc3 Nxc3 6. dxc3 Be7 7. Be3 O-O 8. Qd2 Nd7 9. O-O-O Nf6 10. Bd3 c5 11. c4 b5 12. cxb5 a6 13. bxa6 Bxa6 14. Bxa6 Rxa6 15. a3 Qb6 16. c3 Rb8 17. Qc2 d5 18. Rhe1 Qc7 19. g3 Rb7 20. Bf4 Qc8 21. Re3 Rab6 22. Rde1 Bf8 23. Be5 Ne4 24. c4 f6 25. cxd5 fxe5 26. Rxe4 Rxb2 27. Qxb2 Rxb2 28. Kxb2 Qb7+ 29. Ka1 Qxd5 30. Nxe5 Be7 31. f4 Bf6 32. R1e2 h6 33. Kb2 Qb7+ 34. Kc2 Qa6 35. a4 Qa5 36. Rd2 Kh7 37. Rd3 Qa8 38. Rde3 Qd5 39. h4 Qa2+ 40. Kd3 Qb1+ 41. Kc4 Qc2+ 42. Kd5 h5 43. Kc6 Qc3 44. Rxc3 1-0


[Site "https://www.chess.com"]

[Event "Titled Tuesday Blitz November 14 Late 2023"]
[White "Huda, Maryana"]
[Black "OPQRC"]
[WhiteFideId "14116553"]
[WhiteElo "2308"]
[BlackElo "2581"]
[Result "0-1"]
[Round "1"]
[TimeControl "180+1"]
[Date "2023.11.14"]
[WhiteClock "0:00:00"]
[BlackClock "0:00:38"]
[Board "129"]

1. d4 Nf6 2. Nf3 g6 3. c4 Bg7 4. Nc3 O-O 5. e4 d6 6. Be2 e5 7. Be3 exd4 8. Nxd4 Re8 9. f3 Nc6 10. Nxc6 bxc6 11. Qd2 Bd7 12. O-O c5 13. Rad1 Bc6 14. Bh6 Bh8 15. Bg5 Qb8 16. b3 Nd7 17. Bf4 Qb4 18. Nd5 Qxd2 19. Rxd2 Bxd5 20. Rxd5 a5 21. a4 Bd4+ 22. Kh1 Rab8 23. Bd1 Kg7 24. Bd2 Ra8 25. Bc2 h6 26. f4 Nf6 27. Re1 Nxd5 28. cxd5 f6 29. Bd3 Re7 30. g3 f5 31. exf5 Rxe1+ 32. Bxe1 Re8 33. Bd2 gxf5 34. Kg2 Kf6 35. Kf3 Re7 36. Bc4 Bb2 37. Bxa5 Bc1 38. Bc3+ Kg6 39. a5 Re3+ 40. Kf2 Rxc3 41. a6 Rc2+ 42. Ke1 Ra2 43. Kd1 Be3 44. b4 Ra1+ 45. Ke2 Bd4 46. b5 Kf6 47. Kf3 Ra3+ 48. Kg2 Ke7 49. h3 Kd8 50. g4 fxg4 51. hxg4 Kc8 52. f5 Kb8 53. Bf1 Ka7 54. Be2 Kb6 55. Bf1 Ra4 56. Be2 c4 57. Kf3 c3 58. Ke4 c2 59. f6 c1=Q 0-1


[Site "https://www.chess.com"]

[Event "Titled Tuesday Blitz November 14 Late 2023"]
[White "Tologon tegin, Semetei"]
[Black "VitaliyChayka"]
[WhiteFideId "13800574"]
[WhiteElo "2581"]
[BlackElo "2301"]
[Result "0-1"]
[Round "1"]
[TimeControl "180+1"]
[Date "2023.11.14"]
[WhiteClock "0:00:08"]
[BlackClock "0:00:14"]
[Board "130"]

1. b3 d5 2. Bb2 c6 3. c4 Bf5 4. g3 e6 5. Bg2 h6 6. Nf3 Nf6 7. O-O Be7 8. d3 O-O 9. Nbd2 Bh7 10. Qc2 Nbd7 11. Rfe1 a5 12. a3 Qb6 13. Rad1 Rfd8 14. h3 Qa6 15. e4 dxe4 16. Nxe4 Nxe4 17. dxe4 Bf6 18. Bxf6 Nxf6 19. Ne5 Qb6 20. c5 Qc7 21. f4 b5 22. cxb6 Qxb6+ 23. Kh2 Rxd1 24. Rxd1 Rc8 25. Nc4 Qc5 26. Qe2 Rb8 27. Rd3 a4 28. bxa4 g5 29. a5 Kg7 30. Re3 Rb1 31. a6 Nxe4 32. fxg5 hxg5 33. h4 gxh4 34. Rxe4 hxg3+ 35. Kxg3 Bxe4 36. Qxe4 Rb3+ 37. Bf3 Rc3 38. Qe5+ Qxe5+ 39. Nxe5 Rxa3 40. Nxc6 Rxa6 41. Kf4 Ra4+ 42. Ke3 Kf6 43. Nd4 Ra3+ 44. Ke4 Ra4 45. Ke3 Ke5 46. Nc6+ Kd6 47. Nd4 f5 48. Ne2 Ke5 49. Bb7 Ra3+ 50. Kf2 Rb3 51. Bc8 Rb2 52. Ke3 Rc2 53. Kd3 Rxc8 54. Nd4 Rd8 55. Ke3 Rxd4 0-1


[Site "https://www.chess.com"]

[Event "Titled Tuesday Blitz November 14 Late 2023"]
[White "Quirke, Jeffrey"]
[Black "Prithu Gupta"]
[WhiteFideId "2013029"]
[BlackFideId "46618546"]
[WhiteElo "2288"]
[BlackElo "2581"]
[Result "0-1"]
[Round "1"]
[TimeControl "180+1"]
[Date "2023.11.14"]
[WhiteClock "0:00:00"]
[BlackClock "0:02:09"]
[Board "131"]

1. e4 e5 2. Nf3 Nc6 3. Nc3 Nf6 4. h3 Be7 5. d4 exd4 6. Nxd4 O-O 7. Bc4 Nxe4 8. Nxe4 d5 9. Nxc6 bxc6 10. O-O dxc4 11. Be3 Bf5 12. f3 Bxe4 13. fxe4 Bf6 14. c3 Rb8 15. Qc2 Qd3 16. Qxd3 cxd3 17. Rf2 a6 18. Rd1 Rfd8 19. Rfd2 Kf8 20. b3 Bxc3 21. Rxd3 Rxd3 22. Rxd3 Ba5 23. Bc5+ Ke8 24. Kf2 Bb6 25. Bxb6 cxb6 26. Kf3 Rd8 27. Ke3 Rxd3+ 28. Kxd3 Ke7 29. b4 Ke6 30. Kd4 f5 31. exf5+ Kxf5 0-1


[Site "https://www.chess.com"]

[Event "Titled Tuesday Blitz November 14 Late 2023"]
[White "Lymar, Vladislav"]
[Black "Senft, Sean"]
[WhiteFideId "14162180"]
[BlackFideId "2044960"]
[WhiteElo "2579"]
[BlackElo "2286"]
[Result "1-0"]
[Round "1"]
[TimeControl "180+1"]
[Date "2023.11.14"]
[WhiteClock "0:00:27"]
[BlackClock "0:00:00"]
[Board "132"]

1. d4 d5 2. c4 c6 3. Nf3 Nf6 4. e3 a6 5. Qc2 g6 6. cxd5 cxd5 7. Bd3 Bg7 8. Nc3 Nc6 9. a3 O-O 10. O-O Bg4 11. Ne5 Rc8 12. Nxg4 Nxg4 13. h3 Nf6 14. Bd2 e5 15. dxe5 Nxe5 16. Be2 Nc4 17. Rad1 Nxd2 18. Qxd2 Qa5 19. Nxd5 Qxd5 20. Qxd5 Nxd5 21. Rxd5 Bxb2 22. Rb1 Rc1+ 23. Rxc1 Bxc1 24. a4 Ba3 25. Rd7 b5 26. axb5 axb5 27. Bxb5 Bb2 28. Bc4 Kg7 29. g4 h5 30. gxh5 gxh5 31. Kg2 Bf6 32. Kf3 Bh4 33. Rd5 Kh6 34. Rf5 f6 35. Ke2 Rb8 36. Bf7 Rb2+ 37. Kf1 Kg7 38. Bxh5 Bg5 39. Be2 Kf7 40. Bc4+ Kg6 41. Bd3 Kf7 42. Rc5 Ke6 43. Rc4 Kd5 44. h4 Bh6 45. Rg4 Ke5 46. h5 Rb8 47. Rg6 Rh8 48. Kg2 Ke6 49. f4 Kf7 50. Kf3 Bxf4 51. Bc4+ Ke7 52. exf4 Rxh5 53. Rg7+ Kd6 54. Rf7 1-0


[Site "https://www.chess.com"]

[Event "Titled Tuesday Blitz November 14 Late 2023"]
[White "Cardozo Munar, Carlos Eduardo"]
[Black "Santos Flores, Alberto"]
[WhiteFideId "4409477"]
[BlackFideId "3601234"]
[WhiteElo "2285"]
[BlackElo "2579"]
[Result "0-1"]
[Round "1"]
[TimeControl "180+1"]
[Date "2023.11.14"]
[WhiteClock "0:00:43"]
[BlackClock "0:01:19"]
[Board "133"]

1. d4 d5 2. c3 Nf6 3. Bg5 Bf5 4. Nd2 e6 5. g3 c6 6. Bg2 h6 7. Bxf6 Qxf6 8. e4 dxe4 9. Nxe4 Qd8 10. Ne2 Be7 11. O-O O-O 12. Nf4 Nd7 13. Re1 Nf6 14. Nc5 Bxc5 15. dxc5 Qxd1 16. Raxd1 Nd5 17. Nxd5 exd5 18. Re7 Rab8 19. b4 Rfc8 20. Rde1 Be6 21. f4 Kf8 22. R7xe6 fxe6 23. Rxe6 Re8 24. Rd6 Rbd8 25. Rxd8 Rxd8 26. Kf2 d4 27. c4 d3 28. Ke1 Rd4 29. b5 Rxc4 30. bxc6 bxc6 31. Bxc6 Rxc5 32. Be4 Rc2 33. Bxd3 Rxa2 34. h3 Ke7 35. g4 Kd6 36. g5 hxg5 37. fxg5 Ke5 38. Be2 a5 39. h4 Kf4 40. Kd1 a4 41. Bc4 Rh2 42. g6 Rxh4 43. Kc1 Rh2 44. Kb1 Rg2 45. Bf7 Kf5 46. Be8 a3 47. Ka1 Rxg6 48. Ka2 Rg3 0-1


[Site "https://www.chess.com"]

[Event "Titled Tuesday Blitz November 14 Late 2023"]
[White "Lima, Kleyton Alcantara"]
[Black "FM_Kappeler"]
[WhiteFideId "22718397"]
[WhiteElo "2578"]
[BlackElo "2282"]
[Result "1-0"]
[Round "1"]
[TimeControl "180+1"]
[Date "2023.11.14"]
[WhiteClock "0:00:31"]
[BlackClock "0:00:00"]
[Board "134"]

1. e4 c5 2. Nf3 e6 3. d4 cxd4 4. Nxd4 Nf6 5. Nc3 d6 6. g4 h6 7. Rg1 Nc6 8. Be3 Be7 9. Qe2 Nxd4 10. Bxd4 e5 11. Be3 Be6 12. O-O-O Nd7 13. Nb5 Nb6 14. Bc5 Bc4 15. Bxb6 Bg5+ 16. Kb1 Bxe2 17. Bxd8 Bxd1 18. Bxg5 hxg5 19. Nc7+ Ke7 20. Nxa8 Rxa8 21. Rg3 Rc8 22. Bd3 Rh8 23. Kc1 Rxh2 24. Kxd1 Rxf2 25. Be2 Rh2 26. Rb3 b6 27. Ra3 a5 28. Rb3 g6 29. Rxb6 f5 30. exf5 gxf5 31. gxf5 Rh1+ 32. Kd2 Rh2 33. Rb8 g4 34. Rg8 Kf6 35. Rxg4 Kxf5 36. Ra4 d5 37. Rxa5 d4 38. c3 Ke4 39. cxd4 exd4 40. Ra3 1-0


[Site "https://www.chess.com"]